 Dungeon Crawl Stone Soup version 0.27-a0-1154-gfdeffcb720 (webtiles) character file.

Game seed: 14344584102331813230

24667 Vomitron the Carver (level 12, -9/113 HPs)
             Began as a Minotaur Monk on May 14, 2021.
             Was a High Priest of Wu Jian.
             Mangled by Rupert
             ... wielding a +1 battleaxe of flaming
              (23 damage)
             ... on level 3 of the Lair of Beasts.
             The game lasted 00:16:54 (16070 turns).

Vomitron the Carver (Minotaur Monk)                Turns: 16070, Time: 00:16:55

Health: -9/113     AC: 19    Str: 23    XL:     12   Next: 82%
Magic:  11/11      EV: 12    Int:  7    God:    Wu Jian [*****.]
Gold:   835        SH:  0    Dex: 17    Spells: 11/11 levels left

rFire    . . .     SeeInvis .   A - +6 scimitar
rCold    . . .     Faith    .   (no shield)
rNeg     . . .     Spirit   .   Q - +2 chain mail {rPois}
rPois    +         Reflect  .   (helmet restricted)
rElec    .         Harm     .   S - +0 cloak
rCorr    +         Rampage  .   g - +0 pair of gloves
Will     .....                  e - +0 pair of boots
Stlth    ..........             (no amulet)
HPRegen  0.28/turn              m - +6 ring of strength
MPRegen  0.12/turn              h - ring of resist corrosion

@: no status effects
A: horns 2, retaliatory headbutt
a: Renounce Religion, Wall Jump, Serpent's Lash, Heavenly Storm


You were on level 3 of the Lair of Beasts.
You worshipped Wu Jian.
Wu Jian was extremely pleased with you.
You visited 3 branches of the dungeon, and saw 14 of its levels.

You collected 835 gold pieces.

Inventory:

Hand Weapons
 a - a +0 falchion of flaming
 A - a +6 scimitar (weapon)
Armour
 b - a +0 robe
 d - a +0 ring mail
 e - a +0 pair of boots (worn)
 g - a +0 pair of gloves (worn)
 t - +0 pearl dragon scales
 B - a +2 tower shield
 Q - a +2 chain mail of poison resistance (worn)
 S - a +0 cloak (worn)
Jewellery
 h - a ring of resist corrosion (right hand)
 m - a +6 ring of strength (left hand)
 p - a ring of magical power
 J - a ring of flight
 L - a ring of positive energy
Wands
 q - a wand of paralysis (19)
 u - a wand of polymorph (52)
 x - a wand of iceblast (12)
 G - a wand of flame (58)
 K - a wand of mindburst (16)
Scrolls
 j - a scroll of fear
 l - 3 scrolls of teleportation
 o - 5 scrolls of identify {unknown}
 y - 2 scrolls of amnesia
 C - a scroll of summoning {unknown}
 F - 2 scrolls of enchant weapon
 H - a scroll of vulnerability {unknown}
 M - 2 scrolls of immolation {unknown}
 N - a scroll of fog {unknown}
 O - a scroll of enchant armour {unknown}
 P - 2 scrolls of magic mapping {unknown}
Potions
 c - a potion of degeneration {unknown}
 f - a potion of brilliance {unknown}
 i - 3 potions of attraction {unknown}
 k - 2 potions of experience {unknown}
 n - 5 potions of curing
 r - 2 potions of mutation {unknown}
 s - 3 potions of might {unknown}
 v - 3 potions of lignification {unknown}
 w - 2 potions of resistance {unknown}
 z - 3 potions of berserk rage {unknown}
 D - a potion of ambrosia {unknown}
 E - a potion of flight {unknown}
 R - a potion of heal wounds


   Skills:
 + Level 12.8 Fighting
 - Level 14.0 Long Blades
 + Level 12.4 Armour
 + Level 8.1 Dodging
 - Level 1.5 Stealth
 + Level 10.2 Shields


You had 11 spell levels left.
You didn't know any spells.
Your spell library contained the following spells:

 Spells                   Type           Power      Damage    Failure   Level
 Beastly Appendage        Tmut           0%         N/A       93%         1
 Corona                   Hex            0%         N/A       93%         1
 Foxfire                  Conj/Fire      0%         2x1d4     93%         1
 Shock                    Conj/Air       0%         1d3       93%         1
 Summon Small Mammal      Summ           0%         N/A       93%         1
 Call Imp                 Summ           0%         N/A       98%         2
 Ensorcelled Hibernation  Hex/Ice        0%         N/A       98%         2
 Static Discharge         Conj/Air       0%         N/A       98%         2
 Wereblood                Tmut           0%         N/A       98%         2
 Call Canine Familiar     Summ           0%         N/A       100%        3
 Confusing Touch          Hex            0%         N/A       100%        3
 Conjure Flame            Conj/Fire      0%         6-21      100%        3
 Dazzling Flash           Conj/Hex       0%         N/A       100%        3
 Inner Flame              Hex/Fire       0%         N/A       100%        3
 Spider Form              Tmut/Pois      0%         N/A       100%        3
 Summon Guardian Golem    Hex/Summ       0%         N/A       100%        3
 Swiftness                Air            0%         N/A       100%        3
 Tukima's Dance           Hex            0%         N/A       100%        3
 Airstrike                Air            0%         N/A       100%        4
 Ice Form                 Ice/Tmut       0%         N/A       100%        4
 Sticky Flame             Conj/Fire      0%         2d3       100%        4
 Summon Ice Beast         Ice/Summ       0%         N/A       100%        4
 Summon Lightning Spire   Summ/Air       0%         N/A       100%        4
 Fireball                 Conj/Fire      0%         3d3       100%        5
 Hydra Form               Tmut           0%         N/A       100%        5
 Lightning Bolt           Conj/Air       0%         1d11      100%        5


Dungeon Overview and Level Annotations

Branches:
Dungeon (10/15)            Temple (1/1) D:5            Lair (3/6) D:9
    Orc (0/2) D:9
  Swamp: Lair:2-4    Shoals: Lair:2-4     Snake: Lair:2-4    Spider: Lair:2-4

Altars:
Ashenzari
Cheibriados
Fedhas
Hepliaklqana
Trog
Vehumet
Wu Jian

Shops:
D:7 *

Annotations:
D:5 1 runed translucent door, Belboz's ghost, novice SpEn
Lair:2 2 transporters, freelancePsychic's ghost, journeyman MfTm
Lair:3 Rupert


Innate Abilities, Weirdness & Mutations

You have a pair of horns on your head.
You reflexively headbutt those who attack you in melee.


Message History

Rupert hits you with a +1 battleaxe of flaming.
Rupert burns you. Rupert roars wildly at you.
You are confused.
You can move again.
Unknown command.
Unknown command.
Unknown command.
Unknown command.
It was a potion of curing.
You feel better.
Rupert roars madly and goes into a rage!
Rupert goes berserk!
Unknown command.
You slash Rupert!
Rupert is severely wounded.
Rupert barely misses you.
Throw: dart (curare)
Press: ? - help, Q - select action, (/) - cycle Shift-Dir - straight line, f - Rupert
Aim: Rupert, wielding a +1 battleaxe of flaming and wearing a +0 leather armour (severely wounded, berserk, 66% to hit)
You throw a curare-tipped dart. The curare-tipped dart hits Rupert.
Rupert is poisoned.
Rupert convulses.
Rupert seems to slow down.
Rupert is severely wounded.
Rupert hits you with a +1 battleaxe of flaming!
Rupert burns you.
Unknown command.
Unknown command.
Rupert rages.
Rupert is no longer moving slowly.
Rupert rages.
Rupert hits you but does no damage. Rupert completely misses you.
Rupert hits you with a +1 battleaxe of flaming!!
* * * LOW HITPOINT WARNING * * *
Rupert burns you.
* * * LOW HITPOINT WARNING * * *
As you read the scroll of fear, it crumbles to dust.
You assume a fearsome visage.
Rupert resists with almost no effort.
Rupert hits you with a +1 battleaxe of flaming!!
You die...

.. #P... ......####... .
........#..... ..
#.............. ........#
###...............
........###.##.........)...#
#P..[................#....#.
#................#.###.....
#........@@......#.......#
###......P##...............
##....(...####..............
......P....##...............
...###P....###........####..
###....##...#...## #.††
##...##...##P#.# #†..
#.#..##...########...
##...#...## ##....


You could see Rupert (berserk, poisoned).

Vanquished Creatures
  4 hydras
  2 two-headed ogres (D:9)
  2 death yaks (Lair:1)
  A manticore (D:9)
  7 elephants (Lair:3)
  A torpor snail (Lair:2)
  6 cane toads
  2 rime drakes (Lair:2)
  4 komodo dragons
  2 trolls (D:10)
  2 polar bears
  Prince Ribbit (D:9)
  A shadow (D:6)
  15 yaks
  A vampire (D:9)
  4 wyverns (D:9)
  5 steam dragons
  2 basilisks
  Grum (D:9)
  Edmund (D:6)
  6 water moccasins
  8 black bears
  4 orc warriors
  3 ogres
  31 wolves
  5 centaurs
  A phantom (D:5)
  2 kobold brigands
  7 bullfrogs
  2 gnoll sergeants (D:7)
  A water moccasin zombie (D:5)
  4 scorpions
  A water moccasin skeleton (D:6)
  3 howler monkeys
  2 electric eels (Lair:1)
  8 wights
  A bullfrog zombie (D:5)
  7 hounds
  7 orc priests
  A centaur zombie (D:6)
  2 jellies
  Jessica (D:3)
  3 iguanas
  Ijyb (D:3)
  9 orc wizards
  Natasha (thrice) (D:3)
  2 hound skeletons (D:5)
  3 adders (D:5)
  7 gnolls
  A white imp (D:8)
  3 worms
  4 dart slugs
  32 orcs
  9 ball pythons
  4 bats (D:1)
  8 endoplasms
  4 giant cockroaches
  11 goblins
  12 hobgoblins
  2 jackals (D:1)
  22 kobolds
  4 quokkas
  7 frilled lizards
  4 rats
326 creatures vanquished.

Vanquished Creatures (others)
  13 fungi
  26 plants
39 creatures vanquished.

Grand Total: 365 creatures vanquished

Notes
Turn   | Place    | Note
-------+----------+-------------------------------------------
     0 | D:1      | Vomitron the Minotaur Monk began the quest for the Orb.
     0 | D:1      | Reached XP level 1. HP: 19/19 MP: 0/0
   181 | D:1      | Reached skill level 4 in Long Blades
   181 | D:1      | Reached XP level 2. HP: 27/27 MP: 1/1
   217 | D:1      | Reached skill level 1 in Armour
   602 | D:1      | Reached XP level 3. HP: 33/33 MP: 2/2
   743 | D:1      | Found a faded altar of an unknown god.
  1941 | D:2      | Reached skill level 5 in Long Blades
  1941 | D:2      | Reached XP level 4. HP: 15/41 MP: 3/3
  2674 | D:3      | Reached XP level 5. HP: 18/47 MP: 4/4
  3130 | D:3      | You fall into a shaft and drop 3 floors!
  3130 | D:6      | Noticed an ogre
  3150 | D:6      | Noticed Edmund
  3165 | D:6      | Killed Edmund
  3166 | D:6      | Reached skill level 5 in Fighting
  3166 | D:6      | Reached skill level 6 in Long Blades
  3166 | D:6      | Reached XP level 6. HP: 21/56 MP: 5/5
  3198 | D:6      | Noticed a shadow
  3203 | D:5      | Entered Level 5 of the Dungeon
  3549 | D:3      | Noticed Jessica
  3554 | D:3      | Killed Jessica
  3678 | D:3      | Noticed Ijyb
  3688 | D:3      | Killed Ijyb
  3792 | D:3      | Noticed Natasha
  3806 | D:3      | Killed Natasha
  4087 | D:3      | Noticed Natasha
  4095 | D:3      | Killed Natasha
  4111 | D:3      | Noticed Natasha
  4117 | D:3      | Killed Natasha
  4118 | D:3      | Reached skill level 7 in Long Blades
  4361 | D:4      | Reached XP level 7. HP: 57/61 MP: 6/6
  4870 | D:5      | Found a runed translucent door.
  4870 | D:5      | Noticed Belboz's ghost (novice SpEn)
  4895 | D:5      | Reached skill level 8 in Long Blades
  4912 | D:5      | Reached skill level 5 in Armour
  5209 | D:5      | Found a staircase to the Ecumenical Temple.
  5219 | Temple   | Entered the Ecumenical Temple
  5225 | Temple   | Reached XP level 8. HP: 24/71 MP: 7/7
  5237 | Temple   | Became a worshipper of the Wu Jian Council
  5237 | Temple   | Reached * piety under Wu Jian
  5237 | Temple   | Reached ** piety under Wu Jian
  5486 | D:5      | Reached skill level 9 in Long Blades
  6087 | D:6      | Reached skill level 10 in Long Blades
  6134 | D:6      | Reached XP level 9. HP: 52/81 MP: 8/8
  6670 | D:7      | Reached skill level 11 in Long Blades
  6930 | D:7      | Reached skill level 1 in Shields
  6940 | D:7      | Reached *** piety under Wu Jian
  7003 | D:7      | Found Ukitor's Assorted Antiques.
  7567 | D:7      | Reached skill level 12 in Long Blades
  8083 | D:8      | Reached XP level 10. HP: 89/91 MP: 9/9
  8146 | D:8      | Reached **** piety under Wu Jian
  8758 | D:9      | Found a staircase to the Lair.
  8772 | D:9      | Reached skill level 13 in Long Blades
  8973 | D:9      | Found a radiant altar of Vehumet.
  9010 | D:9      | Reached skill level 5 in Shields
  9062 | D:9      | Noticed a two-headed ogre
  9068 | D:9      | Killed a two-headed ogre
  9069 | D:9      | Reached skill level 10 in Fighting
  9217 | D:9      | Noticed a two-headed ogre
  9223 | D:9      | Killed a two-headed ogre
  9383 | D:9      | Noticed Grum
  9389 | D:9      | Reached XP level 11. HP: 99/101 MP: 10/10
  9391 | D:9      | Killed Grum
  9393 | D:9      | Found a staircase to the Orcish Mines.
  9477 | D:9      | Identified the +4 scale mail of the Lobster {-Tele Will+
                  | Int+8 Stlth-}
  9486 | D:9      | Noticed Prince Ribbit
  9492 | D:9      | Killed Prince Ribbit
  9915 | D:10     | Entered Level 10 of the Dungeon
  9945 | D:10     | Reached skill level 14 in Long Blades
  9945 | D:10     | Reached skill level 10 in Armour
 10520 | Lair:1   | Entered Level 1 of the Lair of Beasts
 12384 | Lair:2   | Noticed a death yak
 12388 | Lair:2   | Noticed a death yak
 12410 | Lair:1   | HP: 5/102 [death yak[a torpor snail] (14)]
 12813 | Lair:1   | Killed a death yak
 12814 | Lair:1   | Reached skill level 5 in Dodging
 13423 | Lair:1   | Killed a death yak
 13630 | Lair:2   | Noticed a seven-headed hydra
 13637 | Lair:2   | Noticed freelancePsychic's ghost (journeyman MfTm)
 13639 | Lair:2   | Found a transporter.
 13641 | Lair:2   | Noticed a four-headed hydra
 13642 | Lair:2   | Noticed a catoblepas
 14050 | Lair:2   | Found a transporter.
 14063 | Lair:2   | Noticed a six-headed hydra
 14076 | Lair:2   | Killed a one-headed hydra
 14077 | Lair:2   | Reached XP level 12. HP: 58/111 MP: 11/11
 14671 | Lair:3   | Noticed a six-headed hydra
 14683 | Lair:3   | Killed a two-headed hydra
 14841 | Lair:3   | Noticed a seven-headed hydra
 14851 | Lair:3   | Killed a two-headed hydra
 15457 | Lair:3   | Reached ***** piety under Wu Jian
 15529 | Lair:3   | Noticed an eight-headed hydra
 15540 | Lair:3   | Killed a three-headed hydra
 15541 | Lair:3   | Reached skill level 10 in Shields
 16030 | Lair:3   | Noticed Rupert
 16032 | Lair:3   | Paralysed by Rupert for 6 turns
 16044 | Lair:3   | Paralysed by Rupert for 6 turns
 16070 | Lair:3   | Mangled by Rupert

Illustrated notes

Levels and vault maps discovered:
D:1:      sevenhm_arrival_forest_fort_large_2, layout_loops_cross,
          shapermc_ecumenical_altar_mp_vishouse
D:2:      layout_basic, minmay_quantized
D:3:      cheibrodos_old_hovel, layout_loops_corners, uniq_natasha, uniq_ijyb,
          uniq_jessica
D:4:      layout_loops_ring, kennysheep_generic_room_9
D:5:      layout_basic, minmay_temple_entry_large_hall, gammafunk_ghost_grave,
          gup_sewer_entry_bowl
D:6:      layout_cave_pools, uniq_edmund
D:7:      kennysheep_housing_project, layout_layer_cave, serial_shops,
          nicolae_shop_temple_entry_statues_fountains, minmay_parallelograms
D:8:      layout_cave_pools
D:9:      layout_gridville, vehumet_altar_wand_db, minmay_lair_entry_grove,
          corexii_hall_statues_t, kennysheep_donut, grunt_ministairs_11,
          uniq_grum, uniq_prince_ribbit1
D:10:     layout_loops_ring
Temple:   nicolae_temple_the_god_donut
Lair:1:   layout_layer_cave, nicolae_quartered_pool_medium,
          serial_bayou_shore_b, grunt_megastairs_5, serial_bayou_shore_a
Lair:2:   layout_hall_layers, nzn_ghost_randoct, grunt_forest_large_clearings,
          grunt_megastairs_2
Lair:3:   layout_layer_cave, serial_bayou_shore_b, grunt_megastairs_3,
          uniq_rupert

Skill      XL: |  1  2  3  4  5  6  7  8  9 10 11 12 |
---------------+-------------------------------------+-----
Long Blades    | 4 5 6 7 8 10 12 13 14 | 14.0
Armour         | 1 2 3 4 5 6 8 9 11 12 | 12.4
Fighting       | 4 5 6 7 9 10 11 12 | 12.8
Shields        | 3 5 8 10 | 10.2
Dodging        | 6 8 |  8.1
Stealth        | |  1.5

Action                   |  1- 3 |  4- 6 |  7- 9 | 10-12 || total
-------------------------+-------+-------+-------+-------++-------
Melee: Falchion          |    95 |   106 |   112 |    25 ||   338
       Headbutt          |     9 |    23 |    59 |   158 ||   249
       Scimitar          |       |       |   141 |   477 ||   618
Throw: Dart              |       |       |       |     1 ||     1
Invok: Whirlwind         |       |       |    42 |    64 ||   106
       Lunge             |       |       |    24 |    33 ||    57
 Abil: Wall Jump         |       |       |       |     8 ||     8
  Use: Scroll            |       |       |     7 |     1 ||     8
       Potion            |       |       |       |     2 ||     2
 Stab: Sleeping          |     2 |       |       |       ||     2
       Distracted        |       |     1 |       |       ||     1
Armor: Robe              |     8 |       |       |       ||     8
       Ring mail         |    25 |    27 |       |       ||    52
       Pearl dragon scal |       |    15 |   117 |   132 ||   264
       Chain mail        |       |       |       |   145 ||   145
Dodge: Dodged            |    66 |    54 |   117 |   236 ||   473
       Rpst.: Falchion   |    23 |    20 |    17 |     1 ||    61
       Scimitar          |       |       |     9 |    51 ||    60

Table legend: (Time is in decaauts)
 A = Elapsed time spent in this place.
 B = Non-inter-level travel time spent in this place.
 C = Inter-level travel time spent in this place.
 D = Time resting spent in this place.
 E = Time spent auto-exploring this place.
 F = Levels seen in this place.
 G = Mean time per level.
                   A        B        C        D        E       F      G
               +--------+--------+--------+--------+--------+-----+--------+
         Total |  16008 |  15316 |    692 |   3361 |   9953 |  14 | 1143.4 |
       Dungeon |  10881 |  10326 |    555 |   1831 |   7180 |  10 | 1088.1 |
        Temple |    255 |    255 |      0 |    235 |      0 |   1 |  255.0 |
          Lair |   4871 |   4734 |    137 |   1295 |   2772 |   3 | 1623.7 |
               +--------+--------+--------+--------+--------+-----+--------+

Top non-repeatable levels by time:
  Lair:1: 2392 daAuts
     D:9: 1769 daAuts
     D:7: 1612 daAuts
     D:1: 1598 daAuts
  Lair:3: 1357 daAuts
     D:3: 1226 daAuts
     D:5: 1138 daAuts
  Lair:2: 1121 daAuts
     D:2: 894 daAuts
     D:4: 718 daAuts
     D:8: 674 daAuts
     D:6: 665 daAuts
    D:10: 582 daAuts
  Temple: 255 daAuts
